Map: Tropic Shores

Players

Rugi - Winner!

  • Race: Zerg Zerg
  • League: Diamond
  • Spawn Location: 12:00

Myran - Winner!

  • Race: Protoss Protoss
  • Spawn Location: 12:00

dallaskuken - Winner!

  • Race: Protoss Protoss
  • League: Platinum
  • Spawn Location: 0:00

Loken - Winner!

  • Race: Protoss Protoss
  • Spawn Location: 11:00

Farmilus

  • Race: Terran Terran
  • League: Gold
  • Spawn Location: 5:00

Hornik

  • Race: Protoss Protoss
  • Spawn Location: 6:00

Smozul

  • Race: Protoss Protoss
  • League: Silver
  • Spawn Location: 6:00

Mozul

  • Race: Terran Terran
  • Spawn Location: 5:00

VOD

Have the link to the VOD?

Description

Time

  • Played on: March 11, 2017, 7:30 p.m.
  • Length: 12:10
Show
View Real Time Build Order
Export as new Build Order

Rugi Zerg - Winner!

Build Orders: Hatch First 

Get SALT Encoding   

  12  0:00  Drone  
  13  0:09  Drone  
  14  0:18  Overlord  
  14  0:23  Extractor  
  14  0:25  Drone  
  15  0:50  Hatchery  
  14  1:03  Spawning Pool  
  13  1:08  Drone  
  13  1:10  Drone  
  15  1:14  Drone  
  16  1:24  Overlord  
  16  1:38  Extractor  
  15  1:52  Zergling x6  
  18  2:02  Queen  
  18  2:04  Drone  
  18  2:06  Drone  
  22  2:15  Zergling x2  
  23  2:18  Spine Crawler  
  22  2:30  Spine Crawler  
  21  2:38  Spine Crawler  
  20  2:47  Metabolic Boost  
  20  3:07  Drone  
  20  3:08  Drone  
  22  3:13  Spine Crawler  
  21  3:20  Drone x3  
  21  3:27  Spore Crawler  
  23  3:42  Drone x3  
  23  3:47  Spine Crawler  
  25  3:50  Queen  
  28  4:00  Drone x2  
  28  4:01  Drone  
  27  4:36  Spine Crawler  
  26  4:50  Queen  
  24  4:58  Drone  
  24  4:59  Drone x6  
  31  5:19  Hatchery  
  31  5:20  Drone x2  
  31  5:21  Drone  
  33  5:28  Spine Crawler, Spore Crawler  
  31  5:31  Drone x2  
  31  5:32  Queen  
  31  5:33  Drone  
  36  5:38  Overlord  
  38  5:56  Overlord x2  
  40  6:09  Overlord x2  
  40  6:13  Roach Warren  
  40  6:14  Lair, Extractor  
  36  6:24  Overlord  
  36  6:26  Overlord  
  34  6:34  Spore Crawler  
  34  6:35  Queen  
  34  6:36  Spine Crawler  
  34  6:41  Spore Crawler  
  34  6:47  Drone x6  
  39  6:57  Roach x2  
  43  7:07  Roach x2  
  47  7:12  Evolution Chamber  
  46  7:16  Roach x2  
  46  7:17  Roach x2  
  53  7:34  Spore Crawler  
  52  7:38  Overlord  
  52  7:43  Zerg Missile Weapons Level 1  
  50  7:47  Overlord x2  
  50  7:54  Overlord  
  50  8:00  Ravager x2  
  52  8:05  Drone x2  
  52  8:06  Drone x2  
  52  8:08  Ravager x3  
  52  8:10  Glial Reconstitution  
  59  8:14  Drone x4, Extractor  
  62  8:21  Drone  
  63  8:27  Extractor  
  63  8:29  Overlord  
  63  8:33  Roach  
  64  8:39  Drone  
  64  8:40  Drone, Overlord  
  66  8:42  Roach  
  66  8:44  Hatchery  
  67  8:49  Queen  
  67  8:54  Roach x2  
  73  9:03  Roach x2  
  73  9:04  Roach  
  73  9:06  Ravager x2  
  81  9:11  Roach  
  81  9:12  Roach  
  81  9:13  Roach  
  87  9:28  Roach x2  
  91  9:39  Overlord x2  
  91  9:43  Zerg Missile Weapons Level 2  
  84  10:30  Roach x11  
  84  10:31  Roach x4  
  108  11:01  Roach x3  
  108  11:03  Overlord x2  
  114  11:05  Overlord  
  114  11:06  Overlord  
  114  11:18  Overlord x2  
Show
View Real Time Build Order
Export as new Build Order

Myran Protoss - Winner!

Build Orders:  

Get SALT Encoding   

  12  0:01  Probe (Chrono Boost)  
  13  0:13  Probe (Chrono Boost)  
  14  0:23  Pylon  
  14  0:37  Probe (Chrono Boost)  
  15  0:47  Probe (Chrono Boost)  
  15  0:48  Forge  
  15  1:25  Probe (Chrono Boost)  
  16  1:30  Gateway  
  16  1:33  Pylon  
  16  1:35  Probe (Chrono Boost)  
  17  1:46  Probe (Chrono Boost)  
  18  1:59  Pylon  
  18  2:10  Pylon  
  18  2:31  Photon Cannon  
  17  2:38  Probe (Chrono Boost)  
  18  2:45  Photon Cannon  
  18  2:49  Probe (Chrono Boost)  
  19  2:58  Gateway  
  19  3:00  Cybernetics Core  
  19  3:06  Assimilator  
  19  3:10  Assimilator  
  19  3:21  Probe (Chrono Boost)  
  19  3:25  Zealot  
  22  3:32  Pylon  
  22  3:44  Pylon  
  22  3:56  Warp Gate  
  22  4:03  Probe (Chrono Boost)  
  23  4:10  Zealot  
  23  4:12  Zealot  
  23  4:14  Probe (Chrono Boost)  
  23  4:15  Nexus  
  28  4:29  Probe (Chrono Boost)  
  29  4:38  Zealot  
  31  4:39  Zealot  
  31  4:41  Probe (Chrono Boost)  
  31  4:44  Protoss Ground Weapons Level 1  
  34  4:53  Pylon  
  34  4:56  Pylon  
  34  5:05  Probe (Chrono Boost)  
  34  5:06  Stalker  
  34  5:07  Stalker  
  39  5:30  Probe (Chrono Boost)  
  39  5:33  Probe (Chrono Boost)  
  41  5:38  Stalker  
  41  5:40  Probe (Chrono Boost)  
  44  5:45  Probe (Chrono Boost)  
  45  5:50  Twilight Council  
  45  5:51  Probe (Chrono Boost)  
  47  5:57  Probe (Chrono Boost)  
  47  6:01  Probe (Chrono Boost)  
  48  6:09  Probe (Chrono Boost)  
  49  6:14  Probe (Chrono Boost)  
  50  6:20  Assimilator  
  50  6:24  Assimilator  
  50  6:25  Probe (Chrono Boost)  
  51  6:26  Photon Cannon  
  51  6:29  Photon Cannon  
  51  6:35  Probe (Chrono Boost)  
  51  6:39  Gateway  
  52  6:42  Gateway  
  52  6:46  Dark Shrine  
  52  6:49  Pylon  
  52  6:58  Stalker, Photon Cannon  
  52  6:59  Zealot  
  56  7:08  Protoss Shields Level 1  
  56  7:15  Charge  
  56  7:26  Probe (Chrono Boost)  
  58  7:38  Probe (Chrono Boost)  
  58  7:45  Stalker x3  
  64  8:01  Nexus  
  64  8:03  Probe (Chrono Boost)  
  65  8:09  Dark Templar  
  67  8:13  Probe (Chrono Boost)  
  67  8:17  Dark Templar  
  70  8:24  Probe (Chrono Boost)  
  71  8:32  Stalker  
  73  8:34  Probe (Chrono Boost)  
  74  8:45  Probe (Chrono Boost)  
  75  8:48  Assimilator  
  75  8:53  Assimilator  
  75  8:57  Pylon x2  
  73  9:47  Dark Templar x2  
  77  10:02  Archon  
  77  10:03  Gateway  
  77  10:04  Gateway  
  77  10:07  Gateway  
  77  10:33  Dark Templar x2  
  77  10:35  Dark Templar x2  
  85  10:47  Archon  
  85  10:48  Archon  
  85  11:09  Probe (Chrono Boost)  
  86  11:20  Probe (Chrono Boost)  
  87  11:26  Zealot x4  
  87  11:30  Probe (Chrono Boost)  
  96  11:41  Probe (Chrono Boost)  
  97  11:51  Probe (Chrono Boost)  
Show
View Real Time Build Order
Export as new Build Order

dallaskuken Protoss - Winner!

Build Orders:  

Get SALT Encoding   

  12  0:01  Probe (Chrono Boost)  
  13  0:12  Probe (Chrono Boost)  
  14  0:19  Pylon  
  14  0:37  Forge  
  14  0:46  Probe (Chrono Boost)  
  15  1:15  Pylon  
  15  1:18  Pylon  
  15  1:23  Pylon  
  15  1:25  Assimilator  
  14  2:05  Probe (Chrono Boost)  
  15  2:16  Probe (Chrono Boost)  
  16  2:28  Pylon  
  16  2:32  Pylon  
  16  2:35  Pylon  
  16  2:37  Pylon  
  16  2:52  Photon Cannon  
  16  2:55  Photon Cannon  
  16  3:00  Photon Cannon  
  16  3:04  Photon Cannon  
  16  3:15  Probe (Chrono Boost)  
  16  3:17  Assimilator  
  17  3:21  Assimilator  
  17  3:25  Probe (Chrono Boost)  
  18  3:49  Pylon  
  18  4:03  Nexus  
  18  4:41  Pylon  
  18  4:45  Pylon  
  18  4:48  Pylon  
  18  5:01  Photon Cannon  
  18  5:05  Photon Cannon  
  18  5:08  Photon Cannon  
  18  5:12  Pylon  
  18  5:15  Pylon  
  18  5:31  Photon Cannon  
  18  5:33  Photon Cannon  
  18  5:42  Photon Cannon  
  18  5:46  Photon Cannon  
  18  5:50  Photon Cannon  
  18  6:20  Probe (Chrono Boost)  
  19  6:30  Probe (Chrono Boost)  
  20  6:41  Probe (Chrono Boost)  
  21  6:51  Probe (Chrono Boost)  
  22  7:02  Probe (Chrono Boost)  
  22  7:06  Gateway  
  23  7:12  Probe (Chrono Boost)  
  24  7:23  Probe (Chrono Boost)  
  25  7:33  Probe (Chrono Boost)  
  27  7:44  Probe (Chrono Boost)  
  27  7:48  Probe (Chrono Boost)  
  27  7:51  Assimilator  
  28  7:55  Assimilator, Probe (Chrono Boost)  
  29  7:58  Probe (Chrono Boost)  
  29  8:06  Probe (Chrono Boost)  
  29  8:09  Probe (Chrono Boost)  
  31  8:16  Probe (Chrono Boost)  
  33  8:27  Probe (Chrono Boost)  
  33  9:10  Pylon  
  33  9:13  Pylon  
  33  9:14  Pylon  
  33  10:03  Cybernetics Core  
  33  10:58  Robotics Facility  
  33  11:01  Robotics Facility  
  33  11:03  Robotics Facility  
  33  11:07  Robotics Facility  
  33  11:11  Probe (Chrono Boost)  
  34  11:22  Probe (Chrono Boost)  
  36  11:33  Probe (Chrono Boost)  
Show
View Real Time Build Order
Export as new Build Order

Loken Protoss - Winner!

Build Orders:  

Get SALT Encoding   

  12  0:01  Probe (Chrono Boost)  
  13  0:12  Probe (Chrono Boost)  
  14  0:20  Pylon  
  14  0:24  Probe (Chrono Boost)  
  15  0:38  Probe (Chrono Boost)  
  16  0:44  Gateway  
  16  0:49  Probe (Chrono Boost)  
  17  0:58  Assimilator  
  17  1:00  Probe (Chrono Boost)  
  17  1:02  Assimilator  
  18  1:10  Probe (Chrono Boost)  
  19  1:21  Probe (Chrono Boost)  
  20  1:31  Cybernetics Core, Probe (Chrono Boost)  
  21  1:33  Pylon  
  21  1:42  Probe (Chrono Boost)  
  22  1:52  Probe (Chrono Boost)  
  23  2:03  Probe (Chrono Boost)  
  24  2:09  Stargate  
  24  2:17  Nexus  
  24  2:22  Probe (Chrono Boost)  
  25  2:33  Pylon  
  25  2:38  Pylon  
  25  2:46  Probe (Chrono Boost)  
  26  2:57  Probe (Chrono Boost)  
  27  2:59  Fleet Beacon  
  27  3:13  Stargate  
  27  3:15  Assimilator  
  27  3:20  Assimilator  
  27  3:39  Probe (Chrono Boost)  
  27  3:41  Probe (Chrono Boost)  
  29  3:44  Stargate  
  29  3:49  Probe (Chrono Boost)  
  29  3:51  Probe (Chrono Boost)  
  31  4:00  Probe (Chrono Boost)  
  31  4:02  Probe (Chrono Boost)  
  33  4:10  Probe (Chrono Boost)  
  33  4:12  Probe (Chrono Boost)  
  35  4:21  Probe (Chrono Boost)  
  35  4:23  Probe (Chrono Boost)  
  37  4:31  Probe (Chrono Boost)  
  37  4:33  Probe (Chrono Boost)  
  39  4:42  Probe (Chrono Boost)  
  39  4:44  Probe (Chrono Boost)  
  41  4:47  Tempest  
  48  4:52  Probe (Chrono Boost)  
  48  4:54  Tempest  
  48  4:55  Probe (Chrono Boost)  
  55  5:03  Probe (Chrono Boost)  
  55  5:05  Probe (Chrono Boost)  
  57  5:11  Pylon  
  57  5:13  Probe (Chrono Boost)  
  58  5:15  Pylon  
  58  5:16  Probe (Chrono Boost)  
  58  5:20  Pylon  
  59  5:28  Tempest  
  59  5:31  Pylon  
  59  5:33  Pylon  
  65  5:35  Tempest  
  71  5:45  Tempest  
  77  5:54  Pylon  
  77  5:58  Pylon  
  77  6:09  Probe (Chrono Boost)  
  78  6:11  Tempest  
  78  6:16  Protoss Air Weapons Level 1  
  84  6:20  Probe (Chrono Boost)  
  84  6:22  Tempest  
  91  6:47  Nexus  
  91  6:50  Pylon  
  91  6:52  Pylon, Tempest  
  97  6:54  Pylon  
  97  7:00  Tempest  
  103  7:19  Assimilator  
  103  7:23  Assimilator  
  103  7:25  Tempest  
  103  7:29  Tempest  
  115  7:38  Tempest  
  121  8:03  Probe (Chrono Boost)  
  121  8:04  Tempest  
  128  8:15  Probe (Chrono Boost)  
  124  8:27  Probe (Chrono Boost)  
  118  8:39  Probe (Chrono Boost)  
  119  8:49  Tempest x3  
  119  8:51  Probe (Chrono Boost)  
  138  9:43  Tempest x3  
  156  9:57  Stargate  
Show
View Real Time Build Order
Export as new Build Order

Farmilus Terran 

Build Orders:  

Get SALT Encoding   

  12  0:01  SCV  
  13  0:17  Supply Depot  
  14  0:21  SCV  
  14  0:33  SCV  
  15  0:38  Refinery  
  15  0:45  Refinery  
  15  0:54  Barracks  
  15  0:55  SCV  
  16  1:17  SCV  
  17  1:29  SCV  
  18  1:41  SCV  
  19  2:10  SCV  
  20  2:22  SCV  
  21  2:26  Factory  
  21  2:46  Factory  
  21  2:50  Barracks Tech Lab  
  19  3:21  Siege Tank  
  22  3:44  Supply Depot x2  
  22  3:49  Factory Tech Lab  
  22  3:55  Supply Depot  
  22  3:56  Supply Depot  
  22  4:05  SCV  
  22  4:06  Siege Tank  
  23  4:20  Siege Tank  
  26  5:09  Siege Tank  
  26  5:10  Starport  
  26  5:12  Siege Tank  
  33  5:34  Orbital Command  
  32  5:48  Siege Tank  
  35  6:20  Siege Tank  
  38  7:02  SCV  
  39  7:14  SCV  
  40  7:50  SCV  
  41  8:03  SCV  
  42  8:29  Widow Mine x2  
  46  9:11  Viking  
  46  9:14  Widow Mine  
  41  9:42  Widow Mine  
Show
View Real Time Build Order
Export as new Build Order

Hornik Protoss 

Build Orders:  

Get SALT Encoding   

  12  0:01  Probe (Chrono Boost)  
  13  0:12  Probe (Chrono Boost)  
  14  0:22  Pylon  
  14  0:23  Probe (Chrono Boost)  
  15  0:40  Probe (Chrono Boost)  
  16  0:43  Gateway  
  16  0:51  Probe (Chrono Boost)  
  17  1:00  Assimilator  
  17  1:01  Assimilator, Probe (Chrono Boost)  
  18  1:21  Probe (Chrono Boost)  
  19  1:30  Zealot  
  20  1:32  Probe (Chrono Boost)  
  20  1:34  Cybernetics Core  
  22  1:51  Probe (Chrono Boost)  
  23  2:01  Pylon  
  23  2:15  Zealot  
  25  2:36  Probe (Chrono Boost)  
  26  2:40  Forge  
  26  2:46  Gateway  
  26  2:48  Stargate  
  26  2:51  Gateway  
  26  2:53  Probe (Chrono Boost)  
  27  3:00  Stalker  
  28  3:25  Photon Cannon  
  28  3:26  Warp Gate  
  24  3:30  Photon Cannon  
  24  3:33  Photon Cannon  
  8  4:01  Void Ray  
  12  4:37  Pylon  
  12  4:47  Photon Cannon  
  12  4:49  Photon Cannon  
  12  4:55  Void Ray  
  16  5:50  Pylon  
  16  6:07  Void Ray  
  20  6:46  Stargate  
  20  6:50  Void Ray  
  10  8:47  Nexus  
  4  10:06  Probe (Chrono Boost)  
  5  10:30  Void Ray  
Show
View Real Time Build Order
Export as new Build Order

Smozul Protoss 

Build Orders:  

Get SALT Encoding   

  12  0:01  Probe (Chrono Boost)  
  13  0:12  Probe (Chrono Boost)  
  14  0:25  Pylon  
  14  0:34  Pylon  
  14  0:36  Assimilator  
  14  0:38  Probe (Chrono Boost)  
  15  0:55  Gateway  
  15  1:05  Gateway, Probe (Chrono Boost)  
  16  1:18  Forge  
  17  1:25  Probe (Chrono Boost)  
  17  1:41  Probe (Chrono Boost)  
  18  1:48  Zealot  
  20  1:55  Probe (Chrono Boost)  
  21  2:07  Zealot  
  23  2:17  Probe (Chrono Boost)  
  24  2:55  Zealot  
  24  2:56  Zealot  
  26  4:28  Pylon  
  26  4:34  Pylon  
  26  4:36  Cybernetics Core  
  26  5:03  Pylon  
  26  5:05  Zealot x2  
  30  5:10  Assimilator  
  30  5:17  Mothership Core (Chrono Boost)  
  30  5:20  Pylon  
  29  5:47  Mothership Core (Chrono Boost)  
  26  6:51  Pylon  
  26  7:45  Nexus  
  26  7:51  Pylon  
  26  9:15  Probe (Chrono Boost)  
  27  9:20  Assimilator  
  23  9:59  Photon Cannon  
  23  10:02  Photon Cannon  
  22  10:43  Sentry  
Show
View Real Time Build Order
Export as new Build Order

Mozul Terran 

Build Orders:  

Get SALT Encoding   

  12  0:02  SCV  
  13  0:15  SCV  
  14  0:27  Supply Depot  
  14  0:37  SCV  
  15  0:49  SCV  
  16  1:01  SCV  
  16  1:02  Barracks  
  17  1:15  Barracks  
  17  2:11  SCV  
  18  2:18  Barracks  
  18  2:19  Barracks  
  18  2:25  Marine x2  
  20  2:43  Marine x2  
  21  3:17  Marine x2  
  21  4:04  Supply Depot  
  21  4:12  Supply Depot  
  21  4:14  Supply Depot  
  21  4:26  Marine x2  
  23  4:33  Marine x2  
  25  4:44  Marine x2  
  27  4:51  Marine x2  
  29  5:01  Marine  
  30  5:09  Marine  
  31  5:24  Marine x3  
  31  5:27  Marine  
  35  5:41  Marine  
  35  5:42  Marine x2  
  38  5:44  Marine  
  37  5:59  Marine x2  
  37  6:00  Marine  
  39  6:45  Supply Depot  
  39  6:54  Supply Depot  
  39  6:58  Supply Depot  
  39  7:07  Marine x4  
  43  7:09  Supply Depot  
  43  7:17  Supply Depot  
  43  7:20  Supply Depot  
  43  7:24  Marine x4  
  47  7:31  Supply Depot  
  47  7:42  Marine x4  
  47  7:43  Supply Depot  
  51  7:54  Supply Depot  
  51  8:00  Marine x4  
  53  8:18  Marine x4  
  51  8:36  Marine x4  
  51  8:54  Marine x4  
  55  9:11  Marine x4  
  53  9:29  Marine  
    10:43  Marine x4  
  4  11:01  Marine x4  
  4  11:19  Marine x4  
  4  11:36  Marine  
  4  11:37  Marine  
Tags
 
Add a new tag
Caveats
  • Supply blocks, unpowered buildings, or Contaminate may cause inaccurate times.
  • Supply counts are checked every 10 seconds.